 Dungeon Crawl Stone Soup version 0.17.0-26-gececa24 (webtiles) character file.

92 4thArraOfDagon the Twirler (level 4, -1/33 HPs)
             Began as a Demigod Wanderer on Nov 19, 2015.
             Killed from afar by Sigmund (11 damage)
             ... with a puff of flame
             ... on level 3 of the Dungeon.
             The game lasted 00:02:39 (491 turns).

4thArraOfDagon the Twirler (Demigod Wanderer)        Turns: 491, Time: 00:02:39

Health: -1/33      AC: 10    Str: 16    XL:     4   Next: 13%
Magic:  2/7        EV:  9    Int: 15    God:
Gold:   80         SH:  0    Dex: 17    Spells: 0 memorised, 3 levels left

rFire  . . .     SeeInvis .     c - +0 quarterstaff
rCold  . . .     Clarity  .     a - +2 scale mail
rNeg   . . .     SustAt   +     (shield currently unavailable)
rPois  .         Gourm    .     k - +0 helmet
rElec  .         Spirit   .     (no cloak)
rCorr  .         Warding  .     (no gloves)
rMut   .         Stasis   .     (no boots)
MR     .....                    (no amulet)
Stlth  ..........               b - ring of loudness (curse)
                                e - ring of stealth

@: not resistant to hostile enchantments, extremely unstealthy
A: rugged brown scales 1, high mp 1, slow regeneration 1, sustain attributes,
MP-powered wands
a: no special abilities


You were on level 3 of the Dungeon.
You were not hungry.

You visited 1 branch of the dungeon, and saw 4 of its levels.

You collected 80 gold pieces.

Inventory:

Hand Weapons
 c - a +0 quarterstaff (weapon)
Missiles
 i - 3 exploding tomahawks (quivered)
Armour
 a - a +2 scale mail (worn)
 k - a +0 helmet (worn)
Jewellery
 b - a cursed ring of loudness (right hand)
 e - a ring of stealth (left hand)
Wands
 f - a wand of slowing (12)
Scrolls
 h - 3 scrolls of remove curse {unknown}
 j - a scroll of identify {unknown}
Comestibles
 d - a bread ration
 l - 3 chunks of flesh


   Skills:
   Level 1.0(3.1) Maces & Flails
 * Level 4.8(4.9) Staves
 + Level 2.8 Armour
 - Level 1.0 Stealth
 - Level 1.7 Evocations


You had 3 spell levels left.
You didn't know any spells.

Dungeon Overview and Level Annotations

Branches:
Dungeon (4/15)
 Temple: D:4-7

Annotations:
D:3 Sigmund


Innate Abilities, Weirdness & Mutations

You have an increased reservoir of magic (+10% MP).
Your attributes are resistant to harm.
You are partially covered in rugged brown scales (AC +1, +3% HP).
You regenerate slowly when monsters are visible.
You expend magic power (3 MP) to strengthen your wands.


Message History

The adder is almost dead.
The adder bites you but does no damage.
You barely miss the adder.
The adder is almost dead.
The adder barely misses you.
You closely miss the adder.
The adder is almost dead.
The adder closely misses you.
You barely miss the adder.
The adder is almost dead.
The adder bites you.
You hit the adder.
You kill the adder!
Sigmund the Dreaded comes into view.
He is wielding a scythe.
Unknown command.
Unknown command.
Unknown command.
Sigmund casts a spell at you. The puff of flame hits you!
You die...

#.# ##.....#
.# #.....#
#.....#
#.....#
#.....#
##....#
#..### ##.##
#.@#
##.#######+#
#..........
##.........
#@........
...........
#............
#......####+#
#......#


You could see Sigmund.

Vanquished Creatures
  Natasha (D:2)
  3 adders
  2 oozes (D:1)
  A worm (D:2)
  4 giant geckos
  3 goblins
  2 hobgoblins (D:2)
  2 jackals (D:2)
  2 bats (D:2)
  2 giant newts (D:2)
  5 kobolds
  3 rats
30 creatures vanquished.

Notes
Turn   | Place    | Note
--------------------------------------------------------------
     0 | D:1      | 4thArraOfDagon the Demigod Wanderer began the quest for the Orb.
     0 | D:1      | 4thArraOfDagon set off with: a +2 scale mail, a potion of curing, a +0 quarterstaff, a bread ration
     0 | D:1      | Reached XP level 1. HP: 14/14 MP: 4/4
   169 | D:2      | Reached skill level 4 in Staves
   169 | D:2      | Reached XP level 2. HP: 20/20 MP: 5/5
   276 | D:2      | Noticed Natasha
   291 | D:2      | Killed Natasha
   291 | D:2      | Reached XP level 3. HP: 19/26 MP: 6/6
   412 | D:3      | Gained mutation: You expend magic power (3 MP) to strengthen your wands. [potion of mutation]
   412 | D:3      | Gained mutation: You are partially covered in rugged brown scales (AC +1, +3% HP). [potion of mutation]
   412 | D:3      | Gained mutation: You regenerate slowly when monsters are visible. [potion of mutation]
   413 | D:3      | :D
   460 | D:3      | Reached XP level 4. HP: 11/33 MP: 7/7
   488 | D:3      | Noticed Sigmund
   491 | D:3      | Killed from afar by Sigmund

Action                   |  1- 3 |  4- 6 || total
-------------------------+-------+-------++-------
Melee: Quarterstaff      |    88 |     9 ||    97
Throw: Tomahawk          |     1 |       ||     1
Evoke: Wand              |       |     2 ||     2
  Use: Potion            |     3 |       ||     3
 Stab: Sleeping          |     1 |       ||     1
